 Dungeon Crawl Stone Soup version 0.24-a0-201-gf205589 (webtiles) character file.

Game seed: 1203219061996602844

96 Ijustatesigmund the Shield-Bearer (level 4, -19/31 HPs)
             Began as an Octopode Fighter on Mar 23, 2019.
             Demolished by an orc warrior
             ... wielding a +0 scimitar
              (22 damage)
             ... on level 2 of the Dungeon.
             The game lasted 00:02:26 (1385 turns).

Ijustatesigmund the Shield-Bearer (OpFi)            Turns: 1385, Time: 00:02:26

Health: -19/31     AC:  1    Str: 20    XL:     4   Next: 67%
Magic:  4/4        EV: 12    Int: 10    God:
Gold:   85         SH:  9    Dex: 12    Spells: 3/3 levels left

rFire    . . .     SeeInvis .   a - +1 flail
rCold    . . .     Gourm    .   b - +0 shield
rNeg     . . .     Faith    .   (helmet restricted)
rPois    .         Spirit   .   (no amulet)
rElec    .         Reflect  .   l - ring of attention (curse)
rCorr    .         Harm     .   (no ring)
MR       .....                  (no ring)
Stlth    +.........             (no ring)
HPRegen  0.10/turn              (no ring)
MPRegen  0.09/turn              (no ring)
                                (no ring)
                                (no ring)

@: mighty
A: almost no armour, stealthy swim, amphibious, 8 rings, constrict 8, camouflage
1, gelatinous body 1
a: no special abilities


You were on level 2 of the Dungeon.
You were hungry.

You visited 1 branch of the dungeon, and saw 3 of its levels.

You collected 85 gold pieces.

Inventory:

Hand Weapons
 a - a +1 flail (weapon)
Armour
 b - a +0 shield (worn)
Jewellery
 l - a cursed ring of attention (left tentacle)
Scrolls
 j - a scroll of teleportation
Potions
 e - 2 potions of flight
Comestibles
 d - 8 rations


   Skills:
 + Level 3.5 Fighting
 * Level 3.3 Maces & Flails
 + Level 3.5 Dodging
 + Level 3.5 Shields


You had 3 spell levels left.
You didn't know any spells.
Your spell library was empty.

Dungeon Overview and Level Annotations

Branches:
Dungeon (3/15)

Altars:


Innate Abilities, Weirdness & Mutations

You cannot wear most types of armour.
You are very stealthy in the water. (Stealth+)
You are amphibious.
You can wear up to eight rings at the same time.
You can use your tentacles to constrict eight enemies at once.
Your skin changes colour to match your surroundings (Stealth+).
Your rubbery body absorbs attacks. (AC +1, EV +1)


Message History

There is a stone staircase leading down here.
You aren't carrying any items that you can evoke.
You feel very mighty all of a sudden. The orc barely misses you.
You closely miss the orc. You grab the orc. You constrict the orc.
The orc hits you. The orc barely misses you.
You bludgeon the orc!!
You kill the orc!
Your shield prevents you from hitting the orc warrior.
You grab the orc warrior.
You constrict the orc warrior, but do no damage.
The orc warrior hits you with a +0 scimitar!
* * * LOW HITPOINT WARNING * * *
The orc warrior closely misses you.
You hit the orc warrior.
The orc warrior is lightly wounded.
You constrict the orc warrior.
The orc warrior hits you with a +0 scimitar!!
Ouch! That really hurt!
You die...

#.[##.# #.##.......## ##.
##.##.###>...####### #.
##...#..#.....## ##
###..#..#.#.##...# #
..#.###.....####.###### #
........#.### #......####
.<...####.###########....#
..##.......<...######....#
..####.........o@........#
..# ##........#####.....#
..# #......>.# ###...# ###
#.......†# #...#
#........# #...#
#........# #...#
#........# #####
#........# #........#


You could see an orc warrior.

Vanquished Creatures
  5 adders
  A worm (D:2)
  4 dart slugs
  An orc (D:2)
  5 bats (D:1)
  3 giant cockroaches (D:2)
  4 goblins
  5 hobgoblins
  4 kobolds
  A ball python (D:2)
  7 frilled lizards
  3 rats (D:1)
43 creatures vanquished.

Notes
Turn   | Place    | Note
-------+----------+-------------------------------------------
     0 | D:1      | Ijustatesigmund the Octopode Fighter began the quest for
                  | the Orb.
     0 | D:1      | Reached XP level 1. HP: 16/16 MP: 1/1
   147 | D:1      | Reached XP level 2. HP: 21/21 MP: 2/2
   369 | D:1      | You fall through a shaft!
   381 | D:2      | Reached XP level 3. HP: 26/26 MP: 3/3
   550 | D:1      | Reached XP level 4. HP: 30/31 MP: 4/4
  1097 | D:3      | Noticed an orc warrior
  1385 | D:2      | Demolished by an orc warrior

Levels and vault maps discovered:
D:1:      grunt_arrival_crossed_arrows, layout_rooms, due_unseen_surprise
D:2:      layout_rooms, minmay_heptomino_w4
D:3:      layout_basic, serial_curves, eino_curves_01, eino_curves_04,
          first_ration

Skill      XL: |  1  2  3 |
---------------+----------+-----
Maces & Flails | 3 |  3.3
Fighting       | |  3.5
Dodging        | |  3.5
Shields        | |  3.5

Action                   |  1- 3 |  4- 6 || total
-------------------------+-------+-------++-------
Melee: Flail             |    47 |    34 ||    81
       Constrict         |    13 |    11 ||    24
       Tentacles         |     6 |     4 ||    10
  Use: Scroll            |       |     6 ||     6
       Potion            |       |     2 ||     2
 Stab: Sleeping          |     5 |       ||     5
  Eat: Chunk             |       |     1 ||     1
Armor: Skin              |     2 |       ||     2
Dodge: Dodged            |    18 |    25 ||    43
Block: Shield            |    18 |    21 ||    39

Table legend:
 A = Non-vault XP
 B = Vault XP
 C = Vault XP percentage of total XP
 D = Non-vault monster count
 E = Vault monster count
 F = Vault count percentage of total count
                 A         B        C        D         E       F
            +---------+---------+-------+---------+---------+-------
      Total |     111 |      27 |  19.6 |      35 |       8 |  18.6
            +---------+---------+-------+---------+---------+-------
        D:1 |      29 |       0 |   0.0 |      16 |       0 |   0.0
        D:2 |      59 |      27 |  31.4 |      13 |       8 |  38.1
        D:3 |      23 |       0 |   0.0 |       6 |       0 |   0.0
            +---------+---------+-------+---------+---------+-------
